AoeStats
← Vortex10000

Arabia

505556158Analyzed
3v3 RM · 23d ago on Sep 10, 2026· 41m 16s· 6 players
Game mode
Random Map
Map size
Normal (6 player)
Population
200
Speed
Normal
Resources
Standard
Victory
Conquest
Starting age
Dark Age
Ending age
Imperial Age
RankedLock teamsTeams togetherTeam positionsShared explorationLock speedFull tech treeHidden civsTurbo modeCheats
Victory
Defeat
🇦🇷 Romans · Argentina
1039
+11
🇫🇷 Wei · France
1027
+11
🇺🇾 Mongols · Uruguay
985
+13
🇺🇸 Inca · United States
938
-12
🇺🇸 Georgians · United States
922
-12
🇺🇸 Ethiopians · United States
898
-11
DesveMX
4:14 Loom
8:44 Feudal Age
15:21 Double-Bit Axe
16:46 Town Watch
16:46 Horse Collar
24:44 Castle Age
24:13 Bloodlines
23:55 Fletching
24:41 Padded Archer Armor
25:34 Bodkin Arrow
25:59 Bow Saw
25:50 Heavy Plow
26:44 Light Cavalry
30:00 Scale Barding Armor
31:43 Wheelbarrow
35:02 Stone Mining
38:45 Leather Archer Armor
41:39 Imperial Age
38:36 Man-at-Arms
39:21 Scale Mail Armor
39:18 Gold Mining
39:57 Forging
41:02 Chain Mail Armor
40:11 Long Swordsman
40:53 Squires
40:39 Arson
41:53 Gold Shaft Mining
NeCsuS_FR
10:02 Loom
14:46 Feudal Age
16:12 Double-Bit Axe
19:03 Castle Age
16:58 Horse Collar
17:21 Gold Mining
18:37 Bloodlines
19:53 Bow Saw
20:55 Heavy Plow
22:34 Scale Barding Armor
24:54 Stone Mining
28:42 Forging
30:07 Gold Shaft Mining
29:53 Husbandry
30:55 Fletching
33:28 Wheelbarrow
39:11 Hand Cart
39:44 Iron Casting
39:30 Chain Barding Armor
PabLokA
10:09 Feudal Age
15:55 Castle Age
15:27 Loom
17:10 Double-Bit Axe
23:39 Wheelbarrow
25:07 Hand Cart
31:19 Imperial Age
29:37 Town Watch
29:58 Scale Mail Armor
30:09 Forging
31:12 Squires
30:34 Pikeman
31:48 Town Patrol
32:06 Chain Mail Armor
32:27 Iron Casting
32:19 Ballistas
33:36 Heavy Scorpion
35:40 Blast Furnace
34:02 Halberdier
37:37 Gold Mining
37:37 Stone Mining
39:52 Fletching
江培騰
0:35 Loom
12:07 Feudal Age
12:51 Double-Bit Axe
12:49 Horse Collar
15:52 Town Watch
17:38 Wheelbarrow
18:53 Gold Mining
23:13 Castle Age
25:57 Bow Saw
26:34 Hand Cart
26:20 Stone Mining
27:08 Gold Shaft Mining
27:33 Forging
30:51 Fletching
Iceman7
0:45 Loom
12:36 Feudal Age
15:06 Double-Bit Axe
22:26 Castle Age
21:51 Horse Collar
22:05 Stone Mining
22:07 Gold Mining
22:29 Forging
22:20 Scale Mail Armor
24:24 Iron Casting
24:09 Bow Saw
24:04 Heavy Plow
24:41 Gold Shaft Mining
27:46 Chain Mail Armor
31:01 Elite Skirmisher
32:17 Thumb Ring
34:05 Andean Sling
35:19 Stone Shaft Mining
38:32 Wheelbarrow
Vortex10000
5:44 Loom
9:03 Feudal Age
11:15 Double-Bit Axe
11:16 Horse Collar
12:14 Wheelbarrow
19:31 Stone Mining
20:54 Gold Mining
25:07 Castle Age
26:44 Fletching
29:22 Bloodlines
29:12 Husbandry
33:07 Pikeman
33:48 Squires
34:14 Scale Barding Armor
Connection lost

Rejoining the realm…

Still unreachable

The connection could not be restored.

Session expired

The server has moved on; the page needs a fresh start.